AoeStats
← CNZS_98T

Pilgrims

508488549Analyzed
4v4 RM · 9d ago on Sep 22, 2026· 12m 9s· 8 players
Game mode
Random Map
Map size
Large (8 player)
Population
200
Speed
Normal
Resources
Standard
Victory
Conquest
Starting age
Dark Age
Ending age
Imperial Age
RankedLock teamsTeams togetherTeam positionsShared explorationLock speedFull tech treeHidden civsTurbo modeCheats
Victory
Defeat
🇹🇼 Armenians · Taiwan
2002
+15
🇹🇼 Varangians · Taiwan
1976
+16
🇹🇼 Varangians · Taiwan
1975
+16
🇹🇼 Varangians · Taiwan
1887
+20
🇳🇱 Varangians · Netherlands
1995
-18
🇨🇳 Varangians · China
1988
-17
🇨🇳 Byzantines · China
1969
-16
🇮🇳 Varangians · India
1968
-16
LeeChia
6:17 Loom
8:29 Feudal Age
14:35 Castle Age
[LuB]a61
8:29 Loom
10:49 Feudal Age
12:03 Double-Bit Axe
14:35 Castle Age
12:17 Fishing Lines
GKT_Cloud
7:25 Loom
10:11 Feudal Age
10:55 Double-Bit Axe
11:02 Town Watch
DemonSheep
8:36 Feudal Age
9:25 Double-Bit Axe
9:50 Fishing Lines
_LY_Yo
12:29 Feudal Age
CNZS_98T
DK2
12:47 Feudal Age
_LY_lyx
9:24 Loom
Connection lost

Rejoining the realm…

Still unreachable

The connection could not be restored.

Session expired

The server has moved on; the page needs a fresh start.